 Dungeon Crawl Stone Soup version 0.32-a0-20-ge526923d97 (console) character file.

Game seed: 9034200619043321292

361 Zeia the Grave Robber (level 6, 0/47 HPs)
             Began as a Demonspawn Necromancer on Jan 17, 2024.
             Was an Initiate of Ashenzari.
             Slain by Pikel
             ... wielding a +0 whip of freezing
              (6 damage)
             ... on level 5 of the Dungeon on Jan 18, 2024.
             The game lasted 00:23:26 (3572 turns).

Zeia the Grave Robber (Demonspawn Necromancer)      Turns: 3572, Time: 00:23:26

Health: 0/47       AC:  2    Str:  9    XL:     6   Next: 38%
Magic:  0/9        EV: 12    Int: 19    God:    Ashenzari [......]
Gold:   154        SH:  0    Dex: 13    Spells: 1/9 levels left

rFire   . . .        m - +0 dagger (drain)
rCold   + . .        (no shield)
rNeg    . . .        a - +0 robe
rPois   .            (helmet restricted)
rElec   .            (no cloak)
rCorr   .            (no gloves)
SInv    .            (no boots)
Will    +....        (no amulet)
Stlth   ++           l - ring of willpower
HPRegen 0.27/turn    j - ring of protection from cold
MPRegen 0.22/turn

%: no passive effects
@: animating dead (expiring)
A: antennae 1, powered by death 1, magic regeneration, big brain 1
a: Renounce Religion, Curse Item


You were on level 5 of the Dungeon.
You worshipped Ashenzari.
Ashenzari was noncommittal.
You visited 1 branch of the dungeon, and saw 5 of its levels.

You collected 231 gold pieces.
You spent 77 gold pieces at shops.

Inventory:

Hand Weapons
 c - a +0 short sword
 e - a +0 mace
 m - a +0 dagger of draining (weapon)
Armour
 a - a +0 robe (worn)
 h - a scarf of harm
Jewellery
 j - a ring of protection from cold (right hand)
 l - a ring of willpower (left hand)
 s - a ring of fire
Wands
 q - a wand of mindburst (13)
Scrolls
 i - a scroll of revelation
 k - a scroll of blinking {unknown}
 n - a scroll of vulnerability {unknown}
 p - a scroll of teleportation {unknown}
 r - a scroll of poison {unknown}
 t - a scroll of fear {unknown}
 u - 2 scrolls of amnesia {unknown}
 y - a scroll of fog {unknown}
Potions
 b - a potion of magic
 d - 2 potions of resistance
 f - a potion of invisibility {unknown}
 g - 2 potions of enlightenment
 o - 2 potions of heal wounds
 v - a potion of ambrosia {unknown}
 w - a potion of cancellation {unknown}
 x - 2 potions of brilliance {unknown}


   Skills:
 - Level 3.1 Fighting
 - Level 1.7 Dodging
 - Level 1.7 Stealth
 - Level 2.0 Spellcasting
 + Level 7.6 Necromancy


You had one spell level left.
You knew the following spells:

 Your Spells              Type           Power      Damage    Failure   Level
a - Necrotise             Necr           100%       1d9       1%          1
b - Vampiric Draining     Necr           31%        2d8       2%          3
c - Animate Dead          Necr           31%        N/A       7%          4

Your spell library contained the following spells:

 Spells                   Type           Power      Damage    Failure   Level
 Curse of Agony           Necr           31%        N/A       21%         5
 Ensorcelled Hibernation  Hex/Ice        2%         N/A       26%         2
 Passwall                 Erth           1%         N/A       45%         3
 Swiftness                Air            1%         N/A       45%         3


Dungeon Overview and Level Annotations

Branches:
Dungeon (5/15)
 Temple: D:4-7

Altars:
Ashenzari
Okawaru
Qazlal
Wu Jian

Shops:
D:2 *

Annotations:
D:4 Edmund
D:5 Pikel


Innate Abilities, Weirdness & Mutations

You have a pair of small antennae on your head.
You regenerate a little health from kills.
You regenerate magic rapidly.
You have an unusually large brain. (Int +2)


Message History

Pikel is heavily wounded.
Pikel barely misses you.
Casting: Necrotise (safe; 1% risk of failure)
Confirm with . or Enter, or press ? or * to list all spells.
Aiming: Vampiric Draining (dangerous; 2% risk of failure)
Press: ? - help, Shift-Dir - straight line, f/p - Pikel
Aim: Pikel, wielding a +0 whip of freezing and wearing a +0 robe of willpower (heavily wounded, lightly drained)
You draw life force from Pikel!
You feel life coursing into your body.
The lemure shouts!
Pikel barely misses you.
You closely miss Pikel.
The lemure shouts!
You punch Pikel, but do no damage.
Pikel is severely wounded.
Pikel completely misses you.
You hit Pikel but do no damage.
Pikel is severely wounded.
Pikel barely misses you.
You hit Pikel but do no damage.
Pikel is severely wounded.
Pikel hits you with a +0 whip of freezing!
* * * LOW HITPOINT WARNING * * *
Pikel freezes you.
* * * LOW HITPOINT WARNING * * *
Casting: Vampiric Draining (dangerous; 2% risk of failure)
Confirm with . or Enter, or press ? or * to list all spells.
Okay, then.
Aiming: Necrotise (safe; 1% risk of failure)
Press: ? - help, Q - select action, (/) - cycle Shift-Dir - straight line, f/p - Pikel
Aim: Pikel, wielding a +0 whip of freezing and wearing a +0 robe of willpower (severely wounded, lightly drained, chance to affect: 59%) Pikel writhes in agony!
Pikel hits you with a +0 whip of freezing.
* * * LOW HITPOINT WARNING * * *
Okay, then.
You barely miss Pikel.
Pikel is almost dead.
Your reaping aura is weakening.
Pikel hits you with a +0 whip of freezing.
You die...
Pikel says, "See you in Hell!"

........# ........#
........# ###.###'#
... ####.##..###...
#...............
#...............
#...............
#.....<.........
#...............
##.####@#####+##
######.####K####..#
#.......#..55.....#
#.......#...5.....+
#.......#.....5...#
#.......#.........#
#....###########'##
###### .... .....#
5.....# 5......#


You could see Pikel (drained) and 4 lemures.

Vanquished Creatures
  2 scorpions (D:4)
  An orc priest (D:4)
  An iguana (D:4)
  An orc wizard (D:4)
  A sleepcap (D:4)
  3 gnolls (D:4)
  4 adders
  2 dart slugs
  2 ribbon worms (D:3)
  7 orcs (D:4)
  4 endoplasms
  3 giant cockroaches
  2 goblins
  6 hobgoblins
  3 quokkas
  6 ball pythons
  4 bats
  3 frilled lizards
  3 kobolds
  2 rats
60 creatures vanquished.

Vanquished Creatures (collateral kills)
  A kobold (D:4)
  2 rats (D:2)
3 creatures vanquished.

Grand Total: 63 creatures vanquished

Notes
Turn   | Place    | Note
-------+----------+-------------------------------------------
     0 | D:1      | Zeia the Demonspawn Necromancer began the quest for the
                  | Orb.
     0 | D:1      | Reached XP level 1. HP: 13/13 MP: 3/3
    87 | D:1      | Reached skill level 1 in Fighting
   470 | D:1      | Gained mutation: You have an unusually large brain. (Int
                  | +2) [demonic ancestry]
   470 | D:1      | Reached XP level 2. HP: 22/22 MP: 0/5
   932 | D:2      | Found Waeziroa's General Store.
   939 | D:2      | Bought a potion of heal wounds for 55 gold pieces
   955 | D:2      | Bought a scroll of identify for 22 gold pieces
  1123 | D:2      | Found a broken altar of Ashenzari.
  1132 | D:2      | Became a worshipper of Ashenzari the Shackled
  1329 | D:2      | Reached XP level 3. HP: 28/28 MP: 0/6
  1562 | D:3      | Found an iron altar of Okawaru.
  2061 | D:3      | Found a stormy altar of Qazlal.
  2139 | D:3      | Reached skill level 5 in Necromancy
  2139 | D:3      | Gained mutation: You regenerate magic rapidly. [demonic
                  | ancestry]
  2139 | D:3      | Reached XP level 4. HP: 34/35 MP: 0/7
  2321 | D:3      | Learned a level 3 spell: Vampiric Draining
  2590 | D:4      | Gained mutation: You regenerate a little health from kills.
                  | [demonic ancestry]
  2590 | D:4      | Reached XP level 5. HP: 37/41 MP: 1/8
  2658 | D:4      | Noticed Edmund
  2746 | D:4      | Reached skill level 6 in Necromancy
  2976 | D:4      | Reached skill level 7 in Necromancy
  2976 | D:4      | Gained mutation: You have a pair of small antennae on your
                  | head. [demonic ancestry]
  2976 | D:4      | Reached XP level 6. HP: 44/47 MP: 2/9
  2997 | D:4      | Learned a level 4 spell: Animate Dead
  3088 | D:4      | Found an ornate altar of the Wu Jian Council.
  3513 | D:5      | Entered Level 5 of the Dungeon
  3551 | D:5      | Noticed Pikel
  3572 | D:5      | Slain by Pikel

Illustrated notes

Levels and vault maps discovered:
D:1:      minmay_arrival_doors, layout_rooms
D:2:      layout_basic, basic_altar, serial_shops, shop
D:3:      layout_basic, mainiacjoe_overflow_catch_the_wave
D:4:      layout_basic, mainiacjoe_overflow_alcove_4, serial_corexii_hall,
          corexii_hall_statues_t, chequers_hall_statues_y, wad_orctagon,
          uniq_edmund
D:5:      layout_gridville, lemuel_round_altar, uniq_pikel

Skill      XL: |  1  2  3  4  5 |
---------------+----------------+-----
Fighting       | 1 2 3 |  3.1
Necromancy     | 5 7 |  7.6
Dodging        | |  1.7
Stealth        | |  1.7
Spellcasting   | |  2.0

Action                     |  1- 3 |  4- 6 || total
---------------------------+-------+-------++-------
  Melee: Mace              |     2 |       ||     2
         Dagger            |    13 |    27 ||    40
         Punch             |       |     1 ||     1
   Cast: Necrotise         |    70 |    69 ||   139
         Vampiric Draining |       |     5 ||     5
         Animate Dead      |       |     2 ||     2
    Use: Scroll            |     1 |     3 ||     4
 Armour: Robe              |    11 |    29 ||    40
  Dodge: Dodged            |    17 |    21 ||    38

Table legend: (Time is in decaauts)
 A = Elapsed time spent in this place.
 B = Non-inter-level travel time spent in this place.
 C = Inter-level travel time spent in this place.
 D = Time resting spent in this place.
 E = Time spent auto-exploring this place.
 F = Levels seen in this place.
 G = Mean time per level.
                   A        B        C        D        E       F      G
               +--------+--------+--------+--------+--------+-----+--------+
         Total |   3569 |   3427 |    142 |    680 |   2199 |   5 |  713.8 |
       Dungeon |   3569 |   3427 |    142 |    680 |   2199 |   5 |  713.8 |
               +--------+--------+--------+--------+--------+-----+--------+

Top non-repeatable levels by time:
     D:4: 1110 daAuts
     D:3: 938 daAuts
     D:2: 780 daAuts
     D:1: 680 daAuts
     D:5: 58 daAuts
